 Dungeon Crawl Stone Soup version 0.31-a0-620-gd1cbd99268 (webtiles) character file.

Game seed: 6078666323410448475

242628 RepHenryClay the Impregnable (level 19, -29/185 HPs)
             Began as a Minotaur Delver on Aug 23, 2023.
             Was the Champion of Makhleb.
             Killed from afar by an ironbound thunderhulk (48 damage)
             ... with a bolt of lightning
             ... on level 1 of the Vaults.
             The game lasted 01:11:54 (45071 turns).

RepHenryClay the Impregnable (Minotaur Delver)     Turns: 45071, Time: 01:11:55

Health: -29/185    AC: 32    Str: 30    XL:     19   Next: 10%
Magic:  28/28      EV: 19    Int:  7    God:    Makhleb [******]
Gold:   1211       SH:  0    Dex: 18    Spells: 18/18 levels left

rFire   + . .        a - +5 great mace (protect)
rCold   + + +        (shield currently unavailable)
rNeg    + . .        N - +2 chain mail {Will+}
rPois   +            X - +0 mask of the Dragon {Will+ Slay+3 SInv}
rElec   .            K - scarf {rC+ rF+}
rCorr   .            M - +1 pair of gloves {Str+3}
SInv    +            Q - +2 pair of boots
Will    +++..        B - amulet of the acrobat Stlth
                     P - +6 ring of dexterity
HPRegen 0.50/turn    Z - ring "Efficuiv" {*Slow rPois rC++ rN+ Str+2}
MPRegen 0.21/turn

%: slow self (1%), acrobat
@: under a protective aura
A: horns 2, retaliatory headbutt
}: 1/15 runes: serpentine
a: Renounce Religion, Minor Destruction, Lesser Servant of Makhleb, Major
Destruction, Greater Servant of Makhleb


You were on level 1 of the Vaults.
You worshipped Makhleb.
Makhleb was exalted by your worship.
You visited 7 branches of the dungeon, and saw 31 of its levels.
You also visited: Volcano and Desolation.

You collected 3002 gold pieces.
You spent 1791 gold pieces at shops.

Inventory:

Hand Weapons
 a - a +5 great mace of protection (weapon)
 z - a +4 great mace of holy wrath
Missiles
 m - 4 datura-tipped darts
 o - 10 curare-tipped darts (quivered)
 y - 11 throwing nets
 R - 27 poisoned darts
Armour
 w - a +2 chain mail of fire resistance
 A - a scarf of repulsion
 E - a +2 cloak of poison resistance
 I - a +0 cloak of fire resistance
 K - a scarf of resistance (worn)
 M - a +1 pair of gloves of strength (worn)
 N - a +2 chain mail of willpower (worn)
 Q - a +2 pair of boots (worn)
 V - a +2 plate armour of cold resistance
 X - the +0 mask of the Dragon (worn) {Will+ Slay+3 SInv}
   (You bought it in a shop on level 2 of the Orcish Mines)

   Slay+3:    It affects your accuracy & damage with ranged weapons and melee
   (+3).
   Will+:     It increases your willpower.
   SInv:      It lets you see invisible.
Jewellery
 i - a ring of willpower
 n - a ring of resist corrosion
 s - a ring of protection from fire
 B - an amulet of the acrobat (around neck)
 H - a ring of protection from fire
 P - a +6 ring of dexterity (left hand)
 Z - the ring "Efficuiv" (right hand) {*Slow rPois rC++ rN+ Str+2}
   (You found it in the Desolation of Salt)

   [ring of positive energy]

   Str+2:     It affects your strength (+2).
   rC++:      It greatly protects you from cold.
   rPois:     It protects you from poison rN+: It protects you from negative
   energy.
   *Slow:     It may slow you when you take damage.
Wands
 g - a wand of digging (5)
 j - a wand of acid (2)
 t - a wand of roots (40)
 S - a wand of mindburst (10)
 W - a wand of charming (19)
Scrolls
 c - 3 scrolls of fog
 d - 3 scrolls of revelation
 e - 2 scrolls of fear
 f - a scroll of butterflies
 k - 7 scrolls of blinking
 l - 2 scrolls of brand weapon
 q - a scroll of enchant armour
 r - 7 scrolls of teleportation
 G - 2 scrolls of enchant weapon
 O - 5 scrolls of immolation
Potions
 h - 5 potions of heal wounds
 p - 11 potions of curing
 u - 6 potions of enlightenment
 v - 5 potions of attraction
 x - 2 potions of magic
 C - 4 potions of haste
 D - 3 potions of invisibility
 F - 2 potions of mutation
 J - 5 potions of might
 L - 4 potions of ambrosia
 T - 4 potions of berserk rage
 U - 4 potions of cancellation
Miscellaneous
 b - a condenser vane
 Y - a lightning rod (4/4)


   Skills:
 + Level 20.2 Fighting
 - Level 20.0 Maces & Flails
 + Level 22.9 Armour
 - Level 16.0 Dodging
 - Level 4.3 Stealth
 + Level 14.4 Invocations


You had 18 spell levels left.
You didn't know any spells.
Your spell library contained the following spells:

 Spells                   Type           Power      Damage    Failure   Level
 Apportation              Tloc           0%         N/A       69%         1
 Magic Dart               Conj           0%         1d3       69%         1
 Necrotise                Necr           0%         1d4       69%         1
 Slow                     Hex            0%         N/A       69%         1
 Sting                    Tmut/Pois      0%         1d3       69%         1
 Summon Small Mammal      Summ           0%         N/A       69%         1
 Call Imp                 Summ           0%         N/A       83%         2
 Ensorcelled Hibernation  Hex/Ice        0%         N/A       83%         2
 Poisonous Vapours        Pois/Air       0%         N/A       83%         2
 Searing Ray              Conj           0%         2d4       83%         2
 Sublimation of Blood     Necr           0%         N/A       83%         2
 Wereblood                Tmut           0%         N/A       83%         2
 Confusing Touch          Hex            0%         N/A       96%         3
 Dazzling Flash           Conj/Hex       0%         N/A       96%         3
 Hailstorm                Conj/Ice       0%         3d3       96%         3
 Mephitic Cloud           Conj/Pois/Air  0%         N/A       96%         3
 Ozocubu's Armour         Ice            0%         N/A       96%         3
 Vampiric Draining        Necr           0%         2d6       96%         3
 Vhi's Electric Charge    Tloc/Air       0%         N/A       96%         3
 Volatile Blastmotes      Fire/Tloc      0%         2d10      96%         3
 Airstrike                Air            0%         2d(0-16)  100%        4
 Anguish                  Hex/Necr       0%         N/A       100%        4
 Cause Fear               Hex            0%         N/A       100%        4
 Fulminant Prism          Conj/Hex       0%         3d5       100%        4
 Summon Ice Beast         Ice/Summ       0%         N/A       100%        4
 Arcjolt                  Conj/Air       0%         1d10      100%        5
 Borgnjor's Vile Clutch   Necr/Erth      0%         N/A       100%        5
 Fireball                 Conj/Fire      0%         3d3       100%        5
 Freezing Cloud           Conj/Ice/Air   0%         6-21      100%        5
 Iskenderun's Battlesphe  Conj           0%         2d6       100%        5
 Metabolic Englaciation   Hex/Ice        0%         N/A       100%        5
 Conjure Ball Lightning   Conj/Air       0%         3x3d6     100%        6
 Plasma Beam              Fire/Air       0%         2x1d10    100%        6
 Simulacrum               Ice/Necr       0%         N/A       100%        6
 Starburst                Conj/Fire      0%         6d3       100%        6
 Enfeeble                 Hex            0%         N/A       100%        7
 Orb of Destruction       Conj           0%         9d5       100%        7
 Summon Hydra             Summ           0%         N/A       100%        7
 Lehudib's Crystal Spear  Conj/Erth      0%         10d2      100%        8
 Maxwell's Capacitive Co  Air            0%         ∞         100%        8


Dungeon Overview and Level Annotations

Branches:
Dungeon (15/15)            Temple (1/1) D:5            Lair (5/5) D:8
 Shoals (3/4) Lair:2        Snake (4/4) Lair:2        Slime (0/5) Lair:5
    Orc (2/2) D:11            Elf (0/3) Orc:2        Vaults (1/5) D:14
 Depths (0/4) D:15        Volcano (visited)         Desolation (visited)

Altars:
Ashenzari
Cheibriados
Dithmenos
Elyvilon
Fedhas
Gozag
Hepliaklqana
Kikubaaqudgha
Makhleb
Nemelex Xobeh
Okawaru
Qazlal
Ru
Sif Muna
Trog
Uskayaw
Vehumet
Wu Jian
Xom
Yredelemnul
Zin
The Shining One
Jiyva
Lugonu

Shops:
D:2 (   Orc:2 [[![(   Snake:3 *

Portals:
Abyss: Shoals:1

Annotations:
Lair:4 2 transporters, Sundig's ghost, journeyman GnFi
Lair:5 1 runed translucent door
Shoals:3 3 runed translucent doors, Taczaky's ghost, journeyman MiFi
Snake:2 Roxanne


Innate Abilities, Weirdness & Mutations

You have a pair of horns on your head.
You reflexively headbutt those who attack you in melee.


Message History

The centaur warrior is heavily wounded.
The centaur warrior hits you. The centaur warrior barely misses you.
Damage: -2%(-3hp) hp: 53%(97hp)
You crush the centaur warrior like a grape!!!
You kill the centaur warrior!
Makhleb accepts your kill.
You feel better.
Electricity crackles from the ironbound thunderhulk's apparatus.
The bolt of lightning misses you.
You sock the lindwurm! You headbutt the lindwurm!
The lindwurm is heavily wounded.
The lindwurm bites you but does no damage.
The lindwurm closely misses you.
The lindwurm claws you but does no damage.
Electricity crackles from the ironbound thunderhulk's apparatus.
The bolt of lightning hits you!!!
* * * LOW HITPOINT WARNING * * *
Huge Dmg: -22%(-40hp) hp: 36%(66hp)
You barely miss the lindwurm.
The lindwurm is heavily wounded.
You barely miss the lindwurm. You headbutt the lindwurm!
The lindwurm is severely wounded.
The lindwurm breathes flames at you. The blast of flame hits you! You resist.
* * * LOW HITPOINT WARNING * * *
Electricity crackles from the ironbound thunderhulk's apparatus.
The bolt of lightning misses you.
Damage: -4%(-8hp) hp: 32%(58hp)
You bludgeon the lindwurm!!
You kill the lindwurm!
Makhleb accepts your kill.
You feel better.
Electricity crackles from the ironbound thunderhulk's apparatus.
The bolt of lightning hits you!!!
* * * LOW HITPOINT WARNING * * *
Huge Dmg: -21%(-39hp) hp: 11%(19hp)
You completely miss the lindwurm.
Electricity crackles from the ironbound thunderhulk's apparatus.
The bolt of lightning hits you!!!
You die...

*,,,,**,,...* *****,,,,,,,,
**,,,,*,,...############****+****##
,**,,,*,,...............,,,,,,,,,..
,,**,,*,,...............,,,,,,,,,..
*******,,....O..........,,,,,,,,,..
*,,...............,,,,,,,,,..
*,,.......O.cO....,,,,,,,,,..
********##k##################
#.)@.#.#.)#)#.)...##.
#....#.#..#.'.)...##. ###*####
#....'.#..+.#.)...##. #......#
######.####.#.....##§
######.#..#.###...).......########§
..............####'###).....#...##.
.#.#.#.#..#.#.#..))).#......'...###
.........[....#......##+###.#...##.
..............#......#....#.#...##.


You could see 2 ironbound thunderhulks and a lindwurm.

Vanquished Creatures
  Saint Roka (Orc:2)
  Asterion (Snake:3)
  Polyphemus (Shoals:3)
  A kraken (Shoals:2)
  Donald (Shoals:2)
  Ilsuiw (Shoals:2)
  Aizul (Snake:3)
  8 nagarajas
  A vault warden (Vaults:1)
  2 imperial myrmidons (Desolation)
  An ironbound preserver (Vaults:1)
  2 ironbound thunderhulks
  A formless jellyfish (Vaults:1)
  The ghost of Doxel the Ripper, a journeyman FeSh of Wu Jian (D:15)
  Azrael (D:12)
  A halazid warlock (Desolation)
  A red draconian (Volcano)
  6 dire elephants
  3 crystal guardians
  Snorg (D:13)
  5 merfolk impalers
  9 ragged hierophants (Desolation)
  2 merfolk javelineers (Shoals:3)
  A yaktaur captain (Vaults:1)
  6 hydras
  11 servants of whispers (Desolation)
  2 vault guards (D:14)
  6 peacekeepers
  2 great orbs of eyes (Vaults:1)
  15 centaur warriors
  A salamander tyrant (Snake:4)
  A merfolk aquamancer (Shoals:2)
  2 merfolk avatars (Shoals:3)
  An alligator snapping turtle (Shoals:1)
  A catoblepas (Lair:2)
  7 boulder beetles
  5 anacondas
  2 ironbound frosthearts (Vaults:1)
  3 two-headed ogres
  26 naga warriors
  2 death yaks (Shoals:3)
  An orc high priest (Orc:2)
  A tengu warrior (D:13)
  5 shock serpents
  11 naga sharpshooters
  Amaemon (D:8)
  7 sea snakes
  5 deep trolls (Vaults:1)
  A spectral anaconda (Lair:5)
  4 salamander mystics (Snake:4)
  11 naga ritualists
  4 harpies (Shoals:2)
  An obsidian statue (Lair:5)
  4 wizards
  5 necromancers
  A lindwurm (Vaults:1)
  5 deep elf pyromancers
  A wolf spider (D:15)
  3 ironbound convokers
  18 ugly things
  3 orc knights
  4 cyclopes
  An orc sorcerer (D:15)
  11 manticores
  A faun (Shoals:1)
  14 mana vipers
  12 salamanders
  17 elephants
  4 merfolk sirens
  4 vault sentinels (Vaults:1)
  11 guardian serpents
  Maurice (D:13)
  45 black mambas
  A centaur skeleton (D:15)
  A torpor snail (Lair:2)
  5 water nymphs
  Jeremiah (Lair:1)
  2 centaur zombies (D:15)
  A dire elephant skeleton (Lair:5)
  Maggie (D:8)
  29 naga magi
  2 gargoyles (D:12)
  6 cane toads
  2 kobold demonologists (D:9)
  2 rime drakes
  An orange demon (D:8)
  3 unseen horrors
  3 yaktaurs
  2 tengu conjurers (D:13)
  10 komodo dragons
  A polar bear (shapeshifter) (D:14)
  3 polar bears
  60 saltlings
  12 merfolk
  12 trolls
  3 wind drakes (Shoals:2)
  A troll (shapeshifter) (D:14)
  3 dream sheep (Shoals:2)
  2 hornets
  23 blink frogs
  7 snapping turtles
  15 slime creatures
  A spriggan (Lair:2)
  6 water elementals
  44 yaks
  3 ynoxinuls (D:9)
  2 wraiths
  A vampire (D:13)
  3 wyverns
  A fire elemental (D:12)
  3 humans (D:14)
  A redback simulacrum (D:12)
  7 basilisks
  3 steam dragons
  8 vampire mosquitoes
  2 wargs
  A death yak simulacrum (Lair:5)
  An acid dragon (D:11)
  51 nagas
  15 water moccasins
  4 hell hounds (D:12)
  An ice beast (D:6)
  37 orc warriors
  4 black bears
  2 sky beasts
  8 ogres
  An elephant skeleton (Lair:5)
  15 wolves
  16 boggarts
  2 phantoms (D:6)
  25 centaurs
  A kobold brigand (D:10)
  19 bullfrogs
  4 scorpions
  3 gnoll sergeants
  2 cane toad simulacra (Lair:5)
  9 wights
  An elephant simulacrum (Lair:5)
  11 killer bees
  2 howler monkeys (D:9)
  3 electric eels
  A crimson imp (D:8)
  5 jellies
  6 hounds
  15 orc priests
  2 sleepcaps
  Jessica (D:2)
  4 iguanas
  18 orc wizards
  16 gnolls
  9 adders
  2 white imps (D:5)
  5 ufetubi (D:9)
  4 worms
  4 dart slugs
  98 orcs
  6 ball pythons
  3 bats (D:1)
  A bat zombie (D:10)
  9 endoplasms
  7 giant cockroaches
  14 goblins
  6 hobgoblins
  4 quokkas
  A frilled lizard (D:3)
  15 kobolds
  8 rats
  A spectral kobold (D:1)
  A butterfly (D:5)
  2 lurking horrors (Shoals:1)
  4 tentacles (Shoals:2)
1172 creatures vanquished.

Vanquished Creatures (collateral kills)
  Louise (Shoals:2)
  A servant of whispers (Desolation)
  A catoblepas (Shoals:3)
  A naga sharpshooter (Snake:3)
  2 skysharks
  A shock serpent (Snake:3)
  2 ironbound convokers (Desolation)
  A centaur (Shoals:3)
10 creatures vanquished.

Vanquished Creatures (others)
  Nikola (Shoals:3)
  A rime drake (Lair:2)
  An orc warrior (Orc:2)
  7 tentacles (Shoals:2)
10 creatures vanquished.

Grand Total: 1192 creatures vanquished

Notes
Turn   | Place    | Note
-------+----------+-------------------------------------------
     0 | D:5      | RepHenryClay the Minotaur Delver began the quest for the
                  | Orb.
     0 | D:5      | Reached XP level 1. HP: 19/19 MP: 0/0
    15 | D:4      | Noticed a hound
    26 | D:4      | Killed a hound
    27 | D:4      | Reached XP level 2. HP: 17/27 MP: 1/1
    27 | D:4      | Reached XP level 3. HP: 21/33 MP: 2/2
   160 | D:4      | Reached XP level 4. HP: 15/40 MP: 3/3
   164 | D:4      | Reached skill level 5 in Maces & Flails
   524 | D:3      | Found a sacrificial altar of Ru.
   536 | D:3      | Reached XP level 5. HP: 45/46 MP: 4/4
   540 | D:3      | Found a radiant altar of Vehumet.
  1202 | D:1      | Found a faded altar of an unknown god.
  1231 | D:1      | Reached skill level 1 in Armour
  1695 | D:2      | Got the Meditations on Electrocution and Phlogiston
  1831 | D:2      | Noticed Jessica
  1840 | D:2      | Killed Jessica
  1903 | D:2      | Reached skill level 2 in Armour
  1905 | D:2      | Reached XP level 6. HP: 52/52 MP: 5/5
  1919 | D:2      | Found Quwu Mia's Weapon Shop.
  1986 | D:2      | Found the +5 woodcutter's axe
  2305 | D:2      | Reached skill level 3 in Armour
  3484 | D:4      | Reached skill level 4 in Armour
  3484 | D:4      | Reached XP level 7. HP: 58/59 MP: 6/6
  3499 | D:4      | Found a shimmering altar of Xom.
  3820 | D:4      | Reached skill level 5 in Armour
  4354 | D:5      | Found a large runed translucent door.
  4383 | D:5      | Found a large runed translucent door.
  4447 | D:5      | Reached skill level 6 in Armour
  4506 | D:5      | Reached XP level 8. HP: 66/66 MP: 7/7
  4950 | D:5      | Found a staircase to the Ecumenical Temple.
  5032 | Temple   | Entered the Ecumenical Temple
  5347 | D:6      | Reached skill level 7 in Armour
  5434 | D:6      | Reached skill level 10 in Maces & Flails
  5436 | D:6      | Found a shadowy altar of Dithmenos.
  5493 | D:6      | Reached skill level 8 in Armour
  5539 | D:6      | Noticed a hornet
  5547 | D:6      | Killed a hornet
  5634 | D:6      | Noticed a troll
  5636 | D:6      | Killed a troll
  5637 | D:6      | Reached XP level 9. HP: 71/71 MP: 8/8
  5647 | D:6      | Reached skill level 9 in Armour
  6014 | D:7      | Noticed a troll
  6033 | D:6      | Killed a troll
  6214 | D:7      | Reached skill level 5 in Fighting
  6214 | D:7      | Reached skill level 10 in Armour
  6298 | D:7      | Paralysed by a hornet for 2 turns
  6534 | D:7      | Reached skill level 11 in Armour
  6894 | D:8      | Found a burning altar of Makhleb.
  6904 | D:8      | Became a worshipper of Makhleb the Destroyer
  7076 | D:8      | Reached XP level 10. HP: 70/84 MP: 9/9
  7080 | D:8      | Reached skill level 12 in Armour
  7272 | D:8      | Noticed Maggie
  7288 | D:8      | Killed Maggie
  7289 | D:8      | Reached skill level 13 in Armour
  7446 | D:8      | Noticed a two-headed ogre
  7455 | D:8      | Killed a two-headed ogre
  7658 | D:8      | Found a glowing golden altar of the Shining One.
  7659 | D:8      | Noticed a two-headed ogre
  7828 | D:8      | Reached skill level 14 in Armour
  7913 | D:8      | Found a staircase to the Lair.
  8193 | D:8      | Noticed an orange demon
  8194 | D:8      | Noticed Amaemon
  8438 | D:5      | Found a bloodstained altar of Trog.
  8441 | D:5      | Found a basalt altar of Yredelemnul.
  8515 | D:8      | Identified the +5 great sword of Ancient Evil {venom, rF-
                  | Will+ Int+5 Dex+4}
  8547 | D:8      | Killed a two-headed ogre
  8548 | D:8      | Reached XP level 11. HP: 62/97 MP: 10/10
  8749 | D:9      | Found a shimmering altar of Xom.
  8810 | D:9      | Reached * piety under Makhleb
  9071 | D:9      | Reached skill level 15 in Armour
  9219 | D:9      | Reached skill level 10 in Fighting
  9490 | D:9      | Found an ornate altar of the Wu Jian Council.
  9611 | D:9      | Found a stormy altar of Qazlal.
  9684 | D:10     | Entered Level 10 of the Dungeon
  9730 | D:10     | Noticed a two-headed ogre
  9738 | D:10     | Killed a two-headed ogre
  9900 | D:10     | Found a hazy altar of Hepliaklqana.
 10009 | D:10     | Reached ** piety under Makhleb
 10030 | D:10     | Identified a scroll of acquirement
 10033 | D:10     | Acquired a manual of Dodging
 10155 | D:10     | Reached skill level 5 in Dodging
 10249 | D:10     | Found a white marble altar of Elyvilon.
 10325 | D:10     | Found an ancient bone altar of Kikubaaqudgha.
 10431 | D:11     | Found a blossoming altar of Fedhas.
 10578 | D:11     | Noticed a boulder beetle
 10589 | D:11     | Killed a boulder beetle
 10628 | D:11     | Found a staircase to the Orcish Mines.
 10629 | D:11     | Noticed a boulder beetle
 10656 | D:11     | Killed a boulder beetle
 10681 | D:11     | Reached *** piety under Makhleb
 10977 | D:11     | Reached skill level 10 in Dodging
 11417 | D:11     | Reached XP level 12. HP: 94/107 MP: 11/11
 11678 | D:11     | Found a blossoming altar of Fedhas.
 11794 | D:11     | Found a staircase to the Orcish Mines.
 12285 | Orc:1    | Entered Level 1 of the Orcish Mines
 12500 | Orc:2    | Entered Level 2 of the Orcish Mines
 12890 | Orc:2    | Found Daakour's Antique Armour Shoppe.
 12955 | Orc:2    | Reached **** piety under Makhleb
 12982 | Orc:2    | Bought a pair of embroidered boots for 240 gold pieces
 12982 | Orc:2    | Bought the +0 mask of the Dragon {Will+ Slay+3 SInv} for
                  | 1068 gold pieces
 12982 | Orc:2    | Found the +0 mask of the Dragon {Will+ Slay+3 SInv}
 13310 | Orc:2    | Noticed an orc high priest
 13318 | Orc:2    | Killed an orc high priest
 13370 | Orc:2    | Found Paluwk's Distillery.
 13511 | Orc:2    | Reached skill level 15 in Dodging
 13584 | Orc:2    | Found Ywniddoa's Armour Shop.
 13796 | Orc:2    | Found a staircase to the Elven Halls.
 14235 | D:8      | Killed Amaemon
 14754 | Lair:1   | Entered Level 1 of the Lair of Beasts
 14814 | Lair:1   | Reached ***** piety under Makhleb
 14938 | Lair:1   | Noticed Jeremiah
 15058 | Lair:1   | Reached skill level 16 in Armour
 15419 | Lair:2   | Noticed a four-headed hydra
 15737 | Lair:2   | Reached XP level 13. HP: 55/117 MP: 12/12
 15960 | Lair:2   | Reached skill level 17 in Armour
 16058 | Lair:2   | Found a staircase to the Snake Pit.
 16160 | Lair:2   | Found a staircase to the Shoals.
 16553 | Lair:3   | Found a dark tunnel.
 16559 | Volcano  | Entered a volcano
 16579 | Volcano  | Noticed a red draconian
 16596 | Volcano  | Killed a red draconian
 17018 | Lair:3   | Reached skill level 18 in Armour
 17847 | Lair:4   | Reached ****** piety under Makhleb
 17993 | Lair:4   | Reached XP level 14. HP: 111/133 MP: 13/13
 18108 | Lair:4   | Found a transporter.
 18131 | Lair:4   | Found a transporter.
 18138 | Lair:4   | Noticed Sundig's ghost (journeyman GnFi)
 18567 | Lair:5   | Entered Level 5 of the Lair of Beasts
 18991 | Orc:2    | Bought a pair of embroidered gloves for 240 gold pieces
 19060 | Orc:2    | Reached skill level 15 in Fighting
 19060 | Orc:2    | Noticed Saint Roka
 19638 | Orc:2    | Reached skill level 19 in Armour
 19882 | Orc:2    | Killed Saint Roka
 20082 | Orc:2    | Found Dim Surot's Antique Armour Emporium.
 20084 | Orc:2    | Found Quggaor's Antique Weapon Shoppe.
 20097 | Orc:2    | Bought a dazzling scale mail for 243 gold pieces
 20097 | Orc:2    | Identified the +0 scale mail of Faxt {rPois Will+} (You
                  | bought it in a shop on level 2 of the Orcish Mines)
 20725 | Lair:5   | Found a runed translucent door.
 20726 | Lair:5   | Found a viscous altar of Jiyva.
 20999 | Lair:5   | Identified the +7 glaive "Heradu" {protect, *Corrode rN+
                  | Dex+4}
 21285 | Lair:5   | Found a staircase to the Slime Pits.
 22787 | D:12     | Reached skill level 15 in Maces & Flails
 23018 | D:12     | Noticed Azrael
 23033 | D:12     | Killed Azrael
 23425 | D:13     | Noticed Snorg
 23435 | D:13     | Killed Snorg
 23818 | D:13     | Noticed Maurice
 23827 | D:13     | Killed Maurice
 23828 | D:13     | Reached XP level 15. HP: 141/141 MP: 14/14
 24162 | D:14     | Found a broken altar of Ashenzari.
 25326 | D:14     | Found a gate to the Vaults.
 25393 | D:15     | Entered Level 15 of the Dungeon
 25739 | D:15     | Found a runed translucent gate.
 25739 | D:15     | Found a runed translucent gate.
 25739 | D:15     | Noticed Doxel's ghost (journeyman FeSh)
 25740 | D:15     | Found a runed translucent gate.
 25757 | D:15     | Killed Doxel's ghost
 25764 | D:15     | Identified the +4 scimitar of Cataclysm {heavy, rF++ Dex+5}
 26006 | D:15     | Found a staircase to the Depths.
 26431 | D:15     | Upgraded the game from 0.31-a0-618-g7ca08c1ff9 to
                  | 0.31-a0-620-gd1cbd99268
 26814 | Snake:1  | Entered Level 1 of the Snake Pit
 27513 | Snake:1  | Reached XP level 16. HP: 151/151 MP: 15/15
 28297 | Snake:2  | Reached skill level 1 in Invocations
 28667 | Snake:2  | Reached skill level 5 in Invocations
 28969 | Snake:2  | Noticed Roxanne
 29582 | Snake:3  | Noticed Aizul
 29597 | Snake:3  | Killed Aizul
 30205 | Snake:3  | Found Qofasmoa's Assorted Antiques.
 30911 | Snake:3  | Noticed Asterion
 31122 | Snake:3  | Killed Asterion
 31123 | Snake:3  | Reached skill level 10 in Invocations
 31458 | Snake:3  | Reached skill level 20 in Armour
 31722 | Snake:4  | Entered Level 4 of the Snake Pit
 31930 | Snake:4  | Reached XP level 17. HP: 115/160 MP: 23/23
 33768 | Snake:3  | Found Qofasmoa's Assorted Antiques.
 34787 | Snake:4  | Got a serpentine rune of Zot
 35577 | Shoals:1 | Entered Level 1 of the Shoals
 35585 | Shoals:1 | Found a corrupted altar of Lugonu.
 35585 | Shoals:1 | Found a one-way gate to the infinite horrors of the Abyss.
 36383 | Shoals:1 | Reached skill level 21 in Armour
 37027 | Shoals:2 | Got Rig Hesm's Notes on Stones and the Tundra
 37043 | Shoals:2 | Noticed a kraken
 37071 | Shoals:2 | Killed a kraken
 37613 | Shoals:2 | Noticed Louise
 37833 | Shoals:2 | Noticed Donald
 37839 | Shoals:2 | Killed Donald
 37928 | Shoals:2 | Killed Louise
 38496 | Shoals:3 | Noticed Nikola
 38750 | Shoals:3 | Killed Nikola
 38888 | Shoals:3 | Noticed Ilsuiw
 39239 | Shoals:2 | Killed Ilsuiw
 39475 | Shoals:3 | Reached XP level 18. HP: 166/167 MP: 26/26
 39497 | Shoals:3 | Found a runed translucent gate.
 39497 | Shoals:3 | Found a runed translucent gate.
 39497 | Shoals:3 | Found a runed translucent gate.
 39499 | Shoals:3 | Noticed Taczaky's ghost (journeyman MiFi)
 39612 | Shoals:3 | Identified the +1 ring mail of Tockassa {Rampage rN++}
 39938 | Shoals:3 | Noticed Polyphemus
 39960 | Shoals:3 | Killed Polyphemus
 40770 | Lair:1   | Killed Jeremiah
 41678 | Vaults:1 | Entered Level 1 of the Vaults
 41695 | Vaults:1 | Found a crumbling gateway.
 41705 | Desolati | Entered the Desolation of Salt
 42024 | Desolati | Identified the +1 glaive "Inoa" {drain, Str+5}
 42052 | Desolati | Reached skill level 22 in Armour
 42327 | Desolati | Identified the +5 sling of Greatest Utility {flame, rCorr
                  | Stlth+}
 42664 | Desolati | Got the Encyclopedia of Evolved Hypothermia
 42903 | Desolati | Identified the +2 troll leather armour "Huunaoxesch" {+Inv
                  | rElec rF- Regen+ MP+9}
 43119 | Desolati | Identified the +1 quarterstaff of Honour {vamp, rPois rN+++
                  | rCorr Str-2}
 43423 | Desolati | Identified the ring "Efficuiv" {*Slow rPois rC++ rN+ Str+2}
 43427 | Desolati | Identified the +3 leather armour of Apathy {Will+}
 43443 | Desolati | Identified the +2 hand axe "Quhof" {venom, rCorr}
 45023 | Vaults:1 | Reached XP level 19. HP: 185/185 MP: 28/28
 45071 | Vaults:1 | Killed from afar by an ironbound thunderhulk

Illustrated notes

Levels and vault maps discovered:
D:1:      onia_arrival_mini_spirals, layout_loops_cross,
          dreamdust_ecumenical_altar_drowned_temple, minmay_heptomino_o4
D:2:      layout_basic, serial_shops, nicolae_lakefront_shop,
          pf_guarded_unrand_woodcutter, uniq_jessica
D:3:      layout_loops_ring, grunt_temple_overflow_open,
          dreamdust_mushroom_princess
D:4:      layout_basic, reono_crystal_passage, minmay_ruined_shrine
D:5:      layout_layer_cave, jmf_multi_god_temple2,
          minmay_temple_entry_butterflies
D:6:      layout_basic, nicolae_overflow_crystal_walls
D:7:      layout_rooms, supply_closet_lemuel
D:8:      layout_loops_ring, lemuel_tele_altar, makhleb_grotto_becter,
          erik_lair_dragon, uniq_amaemon, uniq_maggie
D:9:      layout_long_grid, mainiacjoe_overflow_alcove_4,
          nicolae_wu_jian_wuxing_cycle, marbit_many_paths,
          minmay_misc_feat_encased, kennysheep_path_1, nicolae_fort_ynox
D:10:     layout_basic, lemuel_zombie_altar_kikubaaqudgha, elyvilon_altar_1,
          mainiacjoe_overflow_cross_hatched
D:11:     layout_stronghold, david_orc_5, minmay_misc_feat_chi, fedhas_altar_1
D:12:     layout_roguey, uniq_azrael
D:13:     layout_rooms, uniq_snorg, uniq_maurice
D:14:     kennysheep_spiral_hall, layout_loops_ring, hellmonk_vaults_keyhole,
          chequers_serial_rivers_marsh, cheibrodos_ashenzari_chains
D:15:     grunt_enter_depths_magical_seal, layout_rooms,
          hangedman_abyss_or_decor_clamps, gammafunk_ghost_hydra_chop
Temple:   compressed_dpeg_triangle_lava_temple
Lair:1:   layout_long_grid, st_stairs_9, uniq_jeremiah
Lair:2:   layout_misc_corridors, minmay_shoals_entry_lonely_mermaid,
          dummy_snake_entry, grunt_forest_large_clearing_hut
Lair:3:   layout_cave_pods, nicolae_volcano_entry_s_turn, minivault_19,
          grunt_megastairs_3, lemuel_fruit_fields, serial_bayou_shore_b
Lair:4:   layout_big_grid, gammafunk_ghost_berserking_beasts, minivault_25,
          kilobyte_rumbling_trees, serial_bayou_shore_a
Lair:5:   due_jungle_book, layout_small_grid, slime_entry_2
Shoals:1: layout_shoals, amcnicky_altar_lugonu_corruption
Shoals:2: layout_shoals, nicolae_shoals_kraken_intersection, uniq_louise,
          uniq_donald
Shoals:3: layout_shoals, gammafunk_ghost_split, nicolae_shoals_shepherds,
          uniq_nikola, uniq_polyphemus, uniq_ilsuiw
Snake:1:  layout_onion_interference, nicolae_snake_boneroom
Snake:2:  layout_onion_interference, uniq_roxanne
Snake:3:  layout_onion_interference, nicolae_stop_n_shop_2, uniq_asterion,
          uniq_aizul
Snake:4:  snake_pit, layout_cave_town, statue_in_the_mist_lemuel
Orc:1:    layout_caves, serial_shops, nicolae_orc_lava_room
Orc:2:    grunt_orc_community_town_hall, layout_caves,
          grunt_orc_community_big_house_2, grunt_orc_community_big_house_2,
          grunt_orc_community_house_3, grunt_orc_community_house_2,
          grunt_orc_community_house_3, grunt_orc_community_house_1,
          grunt_orc_community_house_3, serial_shops, shop
Vaults:1: portal_desolation_entry_salt, vaults_standard_mumra_lines,
          hangedman_vaults_maws, v_misc_13, ontoclasm_vaults_claustrophobia,
          st_hourglassy, v_rooms_3, nicolae_vaults_house_1, vaults_mumra_hex,
          vaults_room_corners, nicolae_vaults_storage_closets_1,
          nicolae_vaults_variable_pillar_hall_cross, layout_vaults_ring

Skill      XL: |  1  2  3  4  5  6  7  8  9 10 11 12 13 14 15 16 17 18 |
---------------+-------------------------------------------------------+-----
Fighting       | 4 6 9 10 11 14 15 16 18 20 | 20.2
Maces & Flails | 3 4 5 6 7 8 10 11 16 20 | 20.0
Armour         | 2 4 6 8 11 14 15 16 18 19 20 21 22 | 22.9
Dodging        | 11 16 | 16.0
Invocations    | 10 12 14 | 14.4
Stealth        | |  4.3

Action                     |  1- 3 |  4- 6 |  7- 9 | 10-12 | 13-15 | 16-18 | 19-21 || total
---------------------------+-------+-------+-------+-------+-------+-------+-------++-------
  Melee: Mace              |    16 |    16 |       |       |    17 |       |       ||    49
         Headbutt          |     1 |    41 |    32 |   108 |   257 |   420 |    17 ||   876
         Punch             |     1 |     1 |       |       |       |       |       ||     2
         Whip              |       |    13 |       |       |       |       |       ||    13
         Flail             |       |   134 |       |       |       |       |       ||   134
         Battleaxe         |       |    28 |   197 |   522 |   286 |       |       ||  1033
         Hand axe          |       |       |       |       |    21 |       |       ||    21
         Great mace        |       |       |       |       |   677 |  1419 |    39 ||  2135
  Throw: Dart              |       |       |     3 |    17 |     7 |       |       ||    27
 Invoke: Minor Destruction |       |       |       |       |       |     3 |       ||     3
         Greater Servant o |       |       |       |       |       |     7 |       ||     7
         Major Destruction |       |       |       |       |       |     4 |       ||     4
  Evoke: Wand              |       |       |     1 |     7 |     2 |     1 |       ||    11
    Use: Potion            |       |     1 |       |     1 |     3 |     2 |       ||     7
         Scroll            |       |       |     6 |    21 |     4 |     8 |       ||    39
   Stab: Sleeping          |     1 |     8 |       |       |       |       |       ||     9
         Invisible         |       |       |       |       |     3 |       |       ||     3
         Distracted        |       |       |       |       |       |     4 |       ||     4
 Armour: Leather armour    |     1 |       |       |       |       |       |       ||     1
         Ring mail         |     2 |    45 |       |       |       |       |       ||    47
         Plate armour      |       |     7 |   109 |   306 |    55 |       |       ||   477
         Chain mail        |       |       |       |       |   378 |   492 |    22 ||   892
  Dodge: Dodged            |    12 |    76 |    89 |   379 |  1076 |  1291 |    34 ||  2957
         Repelled          |       |       |     2 |     3 |    12 |     3 |       ||    20

Table legend: (Time is in decaauts)
 A = Elapsed time spent in this place.
 B = Non-inter-level travel time spent in this place.
 C = Inter-level travel time spent in this place.
 D = Time resting spent in this place.
 E = Time spent auto-exploring this place.
 F = Levels seen in this place.
 G = Mean time per level.
                   A        B        C        D        E       F      G
               +--------+--------+--------+--------+--------+-----+--------+
         Total |  44819 |  40608 |   4211 |   5610 |  27669 |  33 | 1358.2 |
       Dungeon |  18387 |  15739 |   2648 |   1611 |  11488 |  15 | 1225.8 |
        Temple |      1 |      1 |      0 |      0 |      0 |   1 |    1.0 |
          Lair |   6601 |   5729 |    872 |    246 |   4527 |   5 | 1320.2 |
        Shoals |   4811 |   4666 |    145 |   1258 |   2614 |   3 | 1603.7 |
     Snake Pit |   8505 |   8288 |    217 |   1155 |   5846 |   4 | 2126.2 |
  Orcish Mines |   3009 |   2681 |    328 |    775 |   1411 |   2 | 1504.5 |
        Vaults |   1127 |   1127 |      0 |    283 |    607 |   1 | 1127.0 |
       Volcano |    253 |    253 |      0 |      5 |    163 |   1 |  253.0 |
    Desolation |   2121 |   2121 |      0 |    276 |   1012 |   1 | 2121.0 |
               +--------+--------+--------+--------+--------+-----+--------+

Top non-repeatable levels by time:
 Snake:3: 3284 daAuts
     D:8: 2892 daAuts
 Snake:4: 2549 daAuts
Shoals:2: 2419 daAuts
Desolation: 2121 daAuts
    D:11: 2074 daAuts
   Orc:2: 1988 daAuts
    D:14: 1688 daAuts
  Lair:5: 1576 daAuts
  Lair:1: 1533 daAuts
  Lair:2: 1443 daAuts
 Snake:2: 1345 daAuts
 Snake:1: 1326 daAuts
Shoals:3: 1313 daAuts
     D:2: 1274 daAuts
